 Dungeon Crawl Stone Soup version 0.21.1-1-g345015f (webtiles) character file.

10590 eccles the Markscentaur (level 11, -9/101 HPs)
             Began as a Centaur Hunter on July 2, 2018.
             Was a High Priest of Okawaru.
             Mangled by an earth elemental (24 damage)
             ... in a volcano on July 10, 2018.
             The game lasted 01:27:32 (12245 turns).

eccles the Markscentaur (Centaur Hunter)           Turns: 12245, Time: 01:27:33

Health: -9/101     AC:  9    Str: 15    XL:     11   Next: 38%
Magic:  11/11      EV:  5    Int: 10    God:    Okawaru [*****.]
Gold:   494        SH:  0    Dex: 13    Spells: 9/10 levels left

rFire    + + .     SeeInvis .   a - +2 shortbow (flame)
rCold    x . .     Gourm    .   (shield currently unavailable)
rNeg     . . .     Faith    .   n - +0 chain mail
rPois    .         Spirit   .   p - +0 helmet
rElec    .         Reflect  .   i - scarf {repulsion}
rCorr    .         Harm     .   (no gloves)
MR       .....                  (no barding)
Stlth    ..........             (no amulet)
HPRegen  0.26/turn              E - ring of fire
MPRegen  0.12/turn              t - ring of protection from fire

@: repel missiles, very quick
A: large, hooves 3, deformed body, speed 2, tough skin 3
a: Heroism, Finesse, Renounce Religion


You were in a volcano.
You worshipped Okawaru.
Okawaru was extremely pleased with you.
You were not hungry.

You visited 3 branches of the dungeon, and saw 11 of its levels.
You also visited: Volcano.

You collected 494 gold pieces.

Inventory:

Hand Weapons
 a - a +2 shortbow of flaming (weapon)
 b - a +0 short sword of draining
 q - a +0 shortbow
 z - a +2 shortbow
Missiles
 d - 96 arrows (quivered)
Armour
 c - a +1 leather armour
 i - a scarf of repulsion (worn)
 n - a +0 chain mail (worn)
 p - a +0 helmet (worn)
Jewellery
 e - a +2 ring of dexterity
 j - an uncursed ring of teleportation
 l - an uncursed ring of stealth
 m - a +2 ring of evasion
 t - a ring of protection from fire (right hand)
 y - an uncursed ring of resist corrosion
 E - a ring of fire (left hand)
Wands
 k - a wand of enslavement (6)
 u - a wand of polymorph (11)
 D - a wand of paralysis (5)
Scrolls
 g - 7 scrolls of remove curse
 o - 2 scrolls of magic mapping
 r - a scroll of immolation
 v - 2 scrolls of identify
 x - 3 scrolls of teleportation
Potions
 h - 2 potions of flight
 s - 2 potions of brilliance
 w - a potion of invisibility
Books
 B - a book of Minor Magic

   Spells                             Type                      Level
   a - Magic Dart                     Conjuration                  1
   b - Blink                          Translocation                2
   c - Call Imp                       Summoning                    2
   d - Slow                           Hexes                        2
   e - Conjure Flame                  Conjuration/Fire             3
   f - Mephitic Cloud                 Conjuration/Poison/Air       3
 C - a book of Frost

   Spells                             Type                      Level
   a - Freeze                         Ice                          1
   b - Throw Frost                    Conjuration/Ice              2
   c - Ozocubu's Armour               Charms/Ice                   3
   d - Throw Icicle                   Conjuration/Ice              4
   e - Summon Ice Beast               Ice/Summoning                4
Comestibles
 f - 13 rations
 A - 4 chunks of flesh


   Skills:
 * Level 10.4 Fighting
 * Level 4.4 Short Blades
 * Level 16.0 Bows
 + Level 4.2 Armour
 + Level 2.1 Dodging
 + Level 0.9 Stealth


You had 9 spell levels left.
You knew the following spells:

 Your Spells              Type           Power        Failure   Level  Hunger
a - Magic Dart            Conj           #...         100%        1    ##.....


Dungeon Overview and Level Annotations

Branches:
Dungeon (8/15)             Temple (1/1) D:4            Lair (2/6) D:8
  Swamp: Lair:2-4    Shoals: Lair:2-4     Snake: Lair:2-4    Spider: Lair:2-4

Altars:
Cheibriados
Dithmenos
Elyvilon
Fedhas
Gozag
Hepliaklqana
Nemelex Xobeh
Okawaru
Ru
Trog
Uskayaw
Vehumet
Wu Jian
Xom
The Shining One


Innate Abilities, Weirdness & Mutations

You have hooves in place of feet.
Armour fits poorly on your strangely shaped body.
You cover ground very quickly.
You have extremely tough skin. (AC +3)


Message History

Press: ? - help, Shift-Dir - straight line, f/p - earth elemental
Aim: an earth elemental (severely damaged)
You shoot an arrow.
The arrow hits the earth elemental but does no damage.
The earth elemental is severely damaged.
The earth elemental closely misses you.
Firing (i - inventory):
d - 98 arrows (quivered)
Press: ? - help, Shift-Dir - straight line, f/p - earth elemental
Aim: an earth elemental (severely damaged)
You shoot an arrow.
The arrow hits the earth elemental but does no damage.
The earth elemental is severely damaged.
Firing (i - inventory):
d - 97 arrows (quivered)
Press: ? - help, Shift-Dir - straight line, f/p - earth elemental
Aim: an earth elemental (severely damaged)
You shoot an arrow.
The arrow hits the earth elemental but does no damage.
The earth elemental is severely damaged.
The earth elemental hits you!!
You die...

#(..##..# ##....§.§§
##....≈§≈≈§≈≈.
#....≈§≈≈≈§§≈≈≈
##.(.§§§§≈≈§≈≈§≈
##.(.≈§§≈≈≈≈§≈§≈.
#.(..≈≈≈§≈≈§§§≈≈≈
####E...≈≈≈≈≈≈§§§§§§
##..@......≈≈≈≈≈≈§§§.
##...##.##......§.....
####.≈#############.##.#.
###.##§≈≈≈≈≈≈# #####.#
#.∩...§≈≈≈≈§## #.#
#..§§.≈§§§§§# ###.
##≈§...§≈≈≈## #..∩
#§≈≈≈§≈§§### #≈§≈.
#§≈≈≈≈≈§## ##≈≈≈


You could see an earth elemental.

Vanquished Creatures
  A stone giant (Volcano)
  Harold (Lair:1)
  Joseph (Lair:1)
  The ghost of lalala the Charlatan, a novice DDAr of Yredelemnul (D:5)
  2 black mambas (Lair:1)
  A komodo dragon (Lair:1)
  A spiny frog (Lair:1)
  A troll (D:8)
  8 blink frogs
  8 yaks
  Sigmund (D:4)
  A wyvern (D:7)
  Eustachio (D:4)
  A fire elemental (Volcano)
  3 water moccasins
  Duvessa (D:4)
  2 hell hounds (Lair:2)
  A porcupine (D:8)
  A sky beast (D:6)
  A necrophage (D:5)
  2 phantoms
  3 ogres
  3 black bears
  3 centaurs
  2 wolves (D:8)
  5 bullfrogs
  Dowan (D:4)
  3 wights (D:6)
  2 electric eels (D:8)
  3 howler monkeys
  4 crimson imps
  2 bullfrog zombies
  A jelly (D:6)
  6 hounds
  A bullfrog skeleton (D:8)
  2 centaur skeletons
  Ijyb (D:4)
  An iguana (D:8)
  An orc wizard (D:8)
  5 worker ants
  The ghost of dscm the Digger, a weakling OpEE (D:3)
  The ghost of dscm the Digger, a weakling OpEE (D:4)
  17 adders
  5 gnolls
  2 oozes
  An adder zombie (D:5)
  An adder skeleton (D:5)
  3 worms
  3 leopard geckos
  8 orcs
  6 giant cockroaches
  4 goblins
  9 hobgoblins
  10 jackals
  11 kobolds
  4 quokkas
  2 ball pythons
  12 bats
  5 frilled lizards
  A leopard gecko zombie (D:6)
  A quokka skeleton (D:8)
  11 rats
207 creatures vanquished.

Vanquished Creatures (others)
  2 plants (Lair:1)
2 creatures vanquished.

Grand Total: 209 creatures vanquished

Notes
Turn   | Place    | Note
-------+----------+-------------------------------------------
     0 | D:1      | eccles the Centaur Hunter began the quest for the Orb.
     0 | D:1      | Reached XP level 1. HP: 17/17 MP: 1/1
   183 | D:1      | Reached XP level 2. HP: 22/24 MP: 2/2
   186 | D:1      | Reached skill level 6 in Bows
   671 | D:1      | Reached XP level 3. HP: 29/29 MP: 3/3
  1122 | D:2      | Found a hazy altar of Hepliaklqana.
  1325 | D:2      | Reached skill level 7 in Bows
  1349 | D:2      | Reached XP level 4. HP: 37/37 MP: 4/4
  2084 | D:3      | Reached XP level 5. HP: 45/45 MP: 5/5
  2115 | D:3      | Found a white marble altar of Elyvilon.
  2660 | D:3      | Noticed dscm's ghost (weakling OpEE)
  2676 | D:3      | Killed dscm's ghost
  2818 | D:3      | Found a sparkling altar of Nemelex Xobeh.
  2916 | D:4      | Noticed dscm's ghost (weakling OpEE)
  2937 | D:4      | Killed dscm's ghost
  2963 | D:4      | Noticed Eustachio
  3023 | D:4      | Killed Eustachio
  3023 | D:4      | Reached skill level 8 in Bows
  3023 | D:4      | Reached XP level 6. HP: 43/52 MP: 6/6
  3089 | D:4      | Noticed Duvessa
  3101 | D:4      | Noticed Dowan
  3356 | D:4      | Killed Duvessa
  3356 | D:4      | Reached skill level 9 in Bows
  3381 | D:4      | Killed Dowan
  3381 | D:4      | Reached skill level 1 in Armour
  3381 | D:4      | Reached XP level 7. HP: 23/59 MP: 7/7
  3838 | D:4      | Noticed Ijyb
  3888 | D:4      | Killed Ijyb
  4160 | D:4      | Noticed Sigmund
  4194 | D:4      | Killed Sigmund
  4194 | D:4      | Reached skill level 10 in Bows
  4427 | D:4      | Found a staircase to the Ecumenical Temple.
  4719 | Temple   | Entered the Ecumenical Temple
  4731 | Temple   | Became a worshipper of Warmaster Okawaru
  4751 | D:5      | Entered Level 5 of the Dungeon
  4776 | D:5      | Reached skill level 11 in Bows
  4776 | D:5      | Reached XP level 8. HP: 50/67 MP: 8/8
  4788 | D:5      | Reached skill level 1 in Short Blades
  4790 | D:5      | Noticed lalala's ghost (novice DDAr)
  4791 | D:5      | Reached skill level 5 in Fighting
  5517 | D:5      | Reached * piety under Okawaru
  6454 | D:5      | Found a radiant altar of Vehumet.
  6456 | D:5      | Found an ornate altar of the Wu Jian Council.
  6457 | D:5      | Found a shimmering altar of Xom.
  6585 | D:5      | Killed lalala's ghost
  6905 | D:5      | Found a sacrificial altar of Ru.
  7196 | D:6      | Reached skill level 12 in Bows
  7269 | D:6      | Reached ** piety under Okawaru
  7336 | D:6      | Reached XP level 9. HP: 32/75 MP: 6/9
  7885 | D:6      | Found a shadowy altar of Dithmenos.
  8211 | D:7      | Reached skill level 13 in Bows
  8372 | D:7      | Found a blossoming altar of Fedhas.
  8631 | D:7      | Reached *** piety under Okawaru
  8877 | D:7      | Identified a scroll of acquirement
  8909 | D:7      | Found a bloodstained altar of Trog.
  9078 | D:8      | Noticed a troll
  9088 | D:8      | Killed a troll
  9133 | D:8      | Found a staircase to the Lair.
  9239 | D:8      | Reached skill level 14 in Bows
  9461 | D:8      | Learned a level 1 spell: Magic Dart
  9613 | D:8      | Received a gift from Okawaru
  9786 | D:8      | Found a glowing golden altar of the Shining One.
 10128 | D:8      | Reached XP level 10. HP: 68/88 MP: 10/10
 10286 | Lair:1   | Entered Level 1 of the Lair of Beasts
 10322 | D:8      | Reached **** piety under Okawaru
 10473 | Lair:1   | Noticed Harold
 10491 | Lair:1   | Killed Harold
 10491 | Lair:1   | Reached skill level 15 in Bows
 10772 | Lair:1   | Reached ***** piety under Okawaru
 10816 | Lair:1   | Noticed a spiny frog
 10827 | Lair:1   | Killed a spiny frog
 10888 | Lair:1   | Noticed Joseph
 10905 | Lair:1   | Killed Joseph
 10905 | Lair:1   | Received a gift from Okawaru
 11141 | Lair:1   | Noticed a black mamba
 11164 | Lair:1   | Reached XP level 11. HP: 58/99 MP: 11/11
 11463 | Lair:1   | Received a gift from Okawaru
 12001 | Lair:2   | Reached skill level 10 in Fighting
 12119 | Lair:2   | Found a dark tunnel.
 12132 | Volcano  | Entered a volcano
 12199 | Volcano  | Noticed a stone giant
 12231 | Volcano  | Killed a stone giant
 12231 | Volcano  | Received a gift from Okawaru
 12231 | Volcano  | Reached skill level 16 in Bows
 12245 | Volcano  | Mangled by an earth elemental

Skill      XL: |  1  2  3  4  5  6  7  8  9 10 11 |
---------------+----------------------------------+-----
Bows           | 6 7 8 9 11 12 14 15 16 | 16.0
Fighting       | 3 4 6 7 9 10 | 10.4
Armour         | 1 2 3 4 |  4.2
Short Blades   | 1 3 4 |  4.4
Dodging        | 2 |  2.1
Stealth        | |  0.9

Action                   |  1- 3 |  4- 6 |  7- 9 | 10-12 || total
-------------------------+-------+-------+-------+-------++-------
Melee: Short sword       |       |       |   170 |       ||   170
       Kick              |       |       |    61 |       ||    61
       Shortbow          |       |       |     1 |       ||     1
       Punch             |       |       |     1 |       ||     1
 Fire: Shortbow          |    97 |   197 |   488 |   270 ||  1052
Invok: Heroism           |       |       |     2 |     1 ||     3
Evoke: Wand              |       |       |     1 |     1 ||     2
  Use: Scroll            |     3 |     2 |    10 |     3 ||    18
       Potion            |     2 |       |     9 |     1 ||    12
  Eat: Chunk             |       |     5 |     6 |     4 ||    15
       Ration            |       |       |     3 |     1 ||     4
Armor: Leather armour    |    30 |    44 |    34 |       ||   108
       Chain mail        |       |       |    96 |    27 ||   123
Dodge: Dodged            |    26 |    88 |   119 |    23 ||   256
       Deflected         |       |     4 |     5 |     6 ||    15
